 Dungeon Crawl Stone Soup version 0.23-a0-625-g1d2cd9b (console) character file.

130 bli the Ruffian (level 4, -11/35 HPs)
             Began as a Demonspawn Berserker on Dec 24, 2018.
             Was a Believer of Trog.
             Mangled by an ogre
             ... wielding a +0 giant spiked club
              (13 damage)
             ... on level 3 of the Dungeon.
             The game lasted 00:06:44 (2181 turns).

bli the Ruffian (Demonspawn Berserker)              Turns: 2181, Time: 00:06:44

Health: -11/35     AC:  9    Str: 18    XL:     4   Next: 90%
Magic:  4/4        EV: 12    Int:  8    God:    Trog [**....]
Gold:   109        SH:  0    Dex: 13    Spells: 3/3 levels left

rFire    . . .     SeeInvis .     - Unarmed
rCold    . . .     Gourm    .   (no shield)
rNeg     . . .     Faith    .   s - +0 leather armour
rPois    +         Spirit   .   l - +0 helmet
rElec    .         Reflect  .   (no cloak)
rCorr    .         Harm     .   q - +1 pair of gloves
MR       +....                  k - +0 pair of boots
Stlth    ++........             (no amulet)
HPRegen  0.11/turn              g - ring of protection from magic
MPRegen  0.09/turn              h - ring of poison resistance

@: no status effects
A: slimy green scales 1, nightstalker 1
a: Berserk, Trog's Hand, Renounce Religion


You were on level 3 of the Dungeon.
You worshipped Trog.
Trog was pleased with you.
You were not hungry.

You visited 1 branch of the dungeon, and saw 3 of its levels.

You collected 109 gold pieces.

Inventory:

Missiles
 c - 62 stones (quivered)
Armour
 a - a +0 animal skin
 k - a +0 pair of boots (worn)
 l - a +0 helmet (worn)
 q - a +1 pair of gloves (worn)
 s - a +0 leather armour (worn)
Jewellery
 g - a ring of protection from magic (left hand)
 h - a ring of poison resistance (right hand)
Scrolls
 d - 2 scrolls of noise {unknown}
 e - 3 scrolls of remove curse {unknown}
 f - 7 scrolls of identify {unknown}
 m - 2 scrolls of teleportation {unknown}
 n - a scroll of blinking {unknown}
 r - a scroll of amnesia {unknown}
 t - 2 scrolls of magic mapping {unknown}
 u - a scroll of enchant armour {unknown}
 v - a scroll of random uselessness {unknown}
Potions
 i - 2 potions of haste {unknown}
 j - a potion of curing {unknown}
 p - a potion of invisibility {unknown}
Comestibles
 b - 5 rations
 o - 4 chunks of flesh


   Skills:
 * Level 3.4 Fighting
 + Level 1.9 Armour
 + Level 2.2 Dodging
 * Level 4.6 Unarmed Combat


You had 3 spell levels left.
You didn't know any spells.
Your spell library was empty.

Dungeon Overview and Level Annotations

Branches:
Dungeon (3/15)

Altars:


Innate Abilities, Weirdness & Mutations

You are partially covered in slimy green scales. (AC +2)
You are slightly more attuned to the shadows.


Message History

The orc is heavily wounded.
The orc hits you.
You punch the orc!
You kill the orc!
Trog accepts your kill.
There is a stone staircase leading up here.
You hit the ogre.
The ogre is lightly wounded.
The ogre barely misses you.
You barely miss the ogre. You punch the ogre.
The ogre is moderately wounded.
The ogre hits you with a +0 giant spiked club!!
Ouch! That really hurt!
* * * LOW HITPOINT WARNING * * *
You hit the ogre but do no damage.
The ogre is moderately wounded.
You barely miss the ogre.
The ogre is moderately wounded.
The ogre hits you with a +0 giant spiked club!
You die...

#.# #.#.###.####.##.#.#
#.# #.#.# #.# #.##.#.# #.#
#.#.# #.# #.##...# #.#
#.#.###.####.##...#### #.#
#.#.#....................#
#.......(................#
......###.#.#.....#.....#
##.#.. #.#.#....##.....#
#.#.. #g#.#...###.....# #
#..###O#.#..###.....###
......@.........#(.....
#..###....#.###.....### #
#....#.# ##.#....) #
#.#.## #.##)### #
♣.♣.##.####.##.# ♣
#.#............### # ♣.♣
♣.######...... ♣ ##..### #
#..# # #..# #..#


You could see an ogre and a goblin.

Vanquished Creatures
  An orc priest (D:3)
  Jessica (D:3)
  2 adders (D:2)
  A worm (D:3)
  2 leopard geckos (D:1)
  6 orcs (D:3)
  2 ball pythons
  2 bats (D:2)
  A giant cockroach (D:2)
  8 goblins
  4 hobgoblins
  4 jackals
  A quokka (D:3)
  A frilled lizard (D:3)
  3 kobolds
  7 rats
46 creatures vanquished.

Notes
Turn   | Place    | Note
-------+----------+-------------------------------------------
     0 | D:1      | bli the Demonspawn Berserker began the quest for the Orb.
     0 | D:1      | Reached XP level 1. HP: 18/18 MP: 1/1
   453 | D:1      | Reached skill level 3 in Unarmed Combat
   512 | D:1      | Gained mutation: You are slightly more attuned to the
                  | shadows. [demonic ancestry]
   512 | D:1      | Reached XP level 2. HP: 24/24 MP: 2/2
  1057 | D:2      | Reached XP level 3. HP: 23/29 MP: 3/3
  1606 | D:2      | Reached ** piety under Trog
  1606 | D:2      | Reached skill level 4 in Unarmed Combat
  1880 | D:3      | Gained mutation: You are partially covered in slimy green
                  | scales. (AC +2) [demonic ancestry]
  1880 | D:3      | Reached XP level 4. HP: 33/35 MP: 4/4
  1946 | D:3      | Noticed Jessica
  1950 | D:3      | Killed Jessica
  2145 | D:3      | Noticed an ogre
  2181 | D:3      | Mangled by an ogre

Vault maps used:
D:1:      nzn_arrival_water_spiral, supply_closet_lemuel,
          kennysheep_nondescript, minmay_tetromino_l4
D:2:      minmay_inner_zag
D:3:      first_ration, serial_forest, infiniplex_forest_lined_4_way,
          infiniplex_forest_lined_2, infiniplex_forest_3_way,
          infiniplex_forest_clump_long, infiniplex_forest_pool,
          infiniplex_forest_lined_4_way, infiniplex_forest_lined_room_,
          infiniplex_forest_lined_ring, chequers_mini_garden,
          nemelex_diamond_rough_becter, uniq_jessica

Skill      XL: |  1  2  3 |
---------------+----------+-----
Unarmed Combat | 3 4 |  4.6
Dodging        | 2 |  2.2
Fighting       | |  3.4
Armour         | |  1.9

Action                   |  1- 3 |  4- 6 || total
-------------------------+-------+-------++-------
Melee: Unarmed           |   169 |    41 ||   210
       Punch             |     1 |     2 ||     3
 Stab: Sleeping          |     6 |       ||     6
  Eat: Chunk             |     3 |     1 ||     4
Armor: Animal skin       |    30 |       ||    30
       Leather armour    |    15 |    12 ||    27
Dodge: Dodged            |    96 |    12 ||   108

Table legend:
 A = Non-vault XP
 B = Vault XP
 C = Vault XP percentage of total XP
 D = Non-vault monster count
 E = Vault monster count
 F = Vault count percentage of total count
                 A         B        C        D         E       F
            +---------+---------+-------+---------+---------+-------
      Total |     139 |      48 |  25.7 |      38 |       8 |  17.4
            +---------+---------+-------+---------+---------+-------
        D:1 |      17 |       6 |  26.1 |       9 |       3 |  25.0
        D:2 |      55 |       5 |   8.3 |      19 |       4 |  17.4
        D:3 |      67 |      37 |  35.6 |      10 |       1 |   9.1
            +---------+---------+-------+---------+---------+-------
